 Dungeon Crawl Stone Soup version 0.31-a0-38-g1548c4f2a5 (webtiles) character file.

Game seed: 18304063449549801138

72 pk666 the Magician (level 4, -3/24 HPs)
             Began as a Deep Elf Fire Elementalist on May 16, 2023.
             Slain by Crazy Yiuf
             ... wielding a +4 quarterstaff of chaos
              (14 damage)
             ... on level 2 of the Dungeon.
             The game lasted 00:02:18 (2368 turns).

pk666 the Magician (Deep Elf Fire Elementalist)     Turns: 2368, Time: 00:02:20

Health: -3/24      AC:  3    Str:  5    XL:     4   Next: 7%
Magic:  5/11       EV: 13    Int: 22    God:
Gold:   25         SH:  0    Dex: 15    Spells: 7/10 levels left

rFire   . . .        (no weapon)
rCold   . . .        (no shield)
rNeg    . . .        a - +0 robe
rPois   .            (no helmet)
rElec   .            (no cloak)
rCorr   .            c - +0 pair of gloves
SInv    .            (no boots)
Will    .....        h - amulet of regeneration
Stlth   ++           l - ring of wizardry
HPRegen 1.04/turn    (no ring)
MPRegen 0.12/turn

%: wizardry (x1)
@: no status effects
A: no striking features
a: no special abilities


You were on level 2 of the Dungeon.
You visited 1 branch of the dungeon, and saw 2 of its levels.

You collected 25 gold pieces.

Inventory:

Armour
 a - a +0 robe (worn)
 c - a +0 pair of gloves (worn)
Jewellery
 h - an amulet of regeneration (around neck)
 l - a ring of wizardry (left hand)
Scrolls
 d - a scroll of blinking {unknown}
 e - a scroll of vulnerability {unknown}
 g - a scroll of amnesia {unknown}
 j - a scroll of noise {unknown}
 k - 2 scrolls of identify {unknown}
 m - a scroll of immolation {unknown}
 p - a scroll of torment {unknown}
 r - a scroll of teleportation {unknown}
Potions
 b - a potion of magic
 f - a potion of invisibility {unknown}
 i - a potion of lignification {unknown}
 n - 3 potions of might {unknown}
 o - a potion of resistance {unknown}
 q - a potion of flight {unknown}


   Skills:
 + Level 3.3 Dodging
 - Level 2.4 Stealth
 + Level 3.9 Spellcasting
 + Level 2.4 Conjurations
 + Level 3.9 Fire Magic


You had 7 spell levels left.
You knew the following spells:

 Your Spells              Type           Power      Damage    Failure   Level
a - Foxfire               Conj/Fire      72%        2x1d7     1%          1
b - Scorch                Fire           42%        2d6       1%          2

Your spell library contained the following spells:

 Spells                   Type           Power      Damage    Failure   Level
 Momentum Strike          Conj/Tloc      18%        3d8       4%          2
 Inner Flame              Hex/Fire       12%        N/A       6%          3
 Volatile Blastmotes      Fire/Tloc      24%        2d12      6%          3
 Blink                    Tloc           8%         N/A       7%          2
 Lesser Beckoning         Tloc           8%         N/A       7%          2
 Flame Wave               Conj/Fire      18%        2d7       12%         4


Dungeon Overview and Level Annotations

Branches:
Dungeon (2/15)

Altars:

Shops:
D:2 (

Annotations:
D:2 Crazy Yiuf


Message History

Confirm with . or Enter, or press ? or * to list all spells.
You conjure some foxfire!
The foxfire hits the worm.
The worm is severely wounded.
The foxfire hits the worm.
The worm is almost dead.
Casting: Foxfire (safe; 1% risk of failure)
Confirm with . or Enter, or press ? or * to list all spells.
You conjure some foxfire!
The foxfire hits the worm.
The worm is almost dead.
Casting: Foxfire (safe; 1% risk of failure)
Confirm with . or Enter, or press ? or * to list all spells.
You conjure some foxfire!
The foxfire hits the worm!
You kill the worm!
Your foxfire dissipates!
Your foxfire dissipates!
You see here a +0 short sword.
You see here a +0 club.
You see here a +0 hand axe.
As you open the door, it creaks loudly!
Crazy Yiuf shouts!
Crazy Yiuf yells, "Castle!
Ten fast tortoise."
Flames lash Crazy Yiuf.
Crazy Yiuf is lightly wounded.
Crazy Yiuf's fire resistance burns away.
Flames lash Crazy Yiuf.
Crazy Yiuf is burned terribly!
Crazy Yiuf is heavily wounded.
Crazy Yiuf hits you with a +4 quarterstaff of chaos!
Ouch! That really hurt!
You are too injured to fight recklessly!
You are too injured to fight recklessly!
Casting: Scorch (safe; 1% risk of failure)
Confirm with . or Enter, or press ? or * to list all spells.
Flames lash Crazy Yiuf.
Crazy Yiuf is burned terribly!
Crazy Yiuf is severely wounded.
Crazy Yiuf says, "Castle!"
Crazy Yiuf hits you with a +4 quarterstaff of chaos!
Ouch! That really hurt!
You die...

#.# # #.# # #.# # #####
#.# # #)..# #.# #...#
#.# ... #.#### #g#
#....# ♣@♣♣ ####.# ♣♣.♣
#.# ♣.♣♣ #.# ♣♣.♣ #.###
###### ♣♣.♣♣ #### #.##.
#####....# ♣♣...♣ #..#
##.##. #........#
♣....♣ ##.# #.....
#.###..### #....# #.#
##.##.
#.##.....####....####.#
####.


You could see Crazy Yiuf (combustible).

Vanquished Creatures
  3 adders (D:2)
  A worm (D:2)
  2 dart slugs (D:1)
  5 endoplasms
  4 goblins
  A hobgoblin (D:2)
  2 kobolds
  A quokka (D:1)
  3 ball pythons (D:2)
  11 bats
  4 frilled lizards
  5 rats
42 creatures vanquished.

Vanquished Creatures (others)
  169 foxfires
169 creatures vanquished.

Grand Total: 211 creatures vanquished

Notes
Turn   | Place    | Note
-------+----------+-------------------------------------------
     0 | D:1      | pk666 the Deep Elf Fire Elementalist began the quest for
                  | the Orb.
     0 | D:1      | Reached XP level 1. HP: 10/10 MP: 6/6
   532 | D:1      | Found a faded altar of an unknown god.
   571 | D:1      | Reached XP level 2. HP: 15/15 MP: 5/8
   574 | D:1      | Learned a level 2 spell: Scorch
  1577 | D:2      | Reached XP level 3. HP: 19/19 MP: 5/10
  1736 | D:2      | Found Qiaps's Weapon Boutique.
  2022 | D:2      | Found a runed translucent door.
  2023 | D:2      | Noticed Crazy Yiuf
  2147 | D:2      | Reached XP level 4. HP: 24/24 MP: 8/11
  2368 | D:2      | Slain by Crazy Yiuf

Illustrated notes

Levels and vault maps discovered:
D:1:      doesnt_arrival_eight_statues, layout_loops_ring,
          dreamdust_ecumenical_altar_statues
D:2:      layout_loops_cross, serial_shops, nicolae_shop_bloodbath_and_beyond,
          grunt_ministairs_7, minmay_tetromino_i4, uniq_crazy_yiuf_cottage

Skill      XL: |  1  2  3 |
---------------+----------+-----
Conjurations   | 2 |  2.4
Dodging        | 3 |  3.3
Stealth        | |  2.4
Spellcasting   | |  3.9
Fire Magic     | |  3.9

Action                     |  1- 3 |  4- 6 || total
---------------------------+-------+-------++-------
   Cast: Foxfire           |   106 |     6 ||   112
         Scorch            |     1 |     3 ||     4
 Armour: Robe              |     7 |       ||     7
  Dodge: Dodged            |    26 |       ||    26

Table legend: (Time is in decaauts)
 A = Elapsed time spent in this place.
 B = Non-inter-level travel time spent in this place.
 C = Inter-level travel time spent in this place.
 D = Time resting spent in this place.
 E = Time spent auto-exploring this place.
 F = Levels seen in this place.
 G = Mean time per level.
                   A        B        C        D        E       F      G
               +--------+--------+--------+--------+--------+-----+--------+
         Total |   2367 |   2355 |     12 |    115 |   1907 |   2 | 1183.5 |
       Dungeon |   2367 |   2355 |     12 |    115 |   1907 |   2 | 1183.5 |
               +--------+--------+--------+--------+--------+-----+--------+

Top non-repeatable levels by time:
     D:1: 1222 daAuts
     D:2: 1145 daAuts
